AoeStats
← T1NOCAST

Black Forest

510102604Analyzed
2v2 RM · 2d ago on Sep 29, 2026· 52m 19s· 4 players
Game mode
Random Map
Map size
Medium (4 player)
Population
200
Speed
Normal
Resources
Standard
Victory
Conquest
Starting age
Dark Age
Ending age
Imperial Age
RankedLock teamsTeams togetherTeam positionsShared explorationLock speedFull tech treeHidden civsTurbo modeCheats
Victory
Defeat
🇦🇷 Vietnamese · Argentina
696
+15
🇦🇷 Bohemians · Argentina
661
+17
🇨🇱 Mongols · Chile
708
-17
🇨🇳 Mongols · China
645
-15
Dr Mortis9843
0:35 Loom
15:36 Feudal Age
17:52 Wheelbarrow
17:06 Double-Bit Axe
18:02 Gold Mining
19:13 Fishing Lines
28:55 Castle Age
29:18 Arson
29:53 Forging
29:34 Fletching
29:45 Padded Archer Armor
29:51 Scale Barding Armor
30:18 Hand Cart
30:42 Stone Mining
31:31 Fervor
34:26 Imperial Age
31:26 Elite Skirmisher
32:49 Fortified Wall
32:52 Masonry
33:04 Pikeman
33:45 Squires
34:06 Leather Archer Armor
34:46 Bloodlines
34:36 Guard Tower
35:19 Bodkin Arrow
35:43 Gillnets
35:42 Town Watch
36:55 Stone Shaft Mining
37:11 Ballistics
37:07 Caravan
38:52 Husbandry
38:50 Heavy Camel Rider
39:43 Horse Collar
40:18 Bow Saw
40:07 Murder Holes
42:24 Conscription
42:40 Hoardings
43:09 Iron Casting
42:34 Bracer
44:09 Chain Barding Armor
43:45 Light Cavalry
45:24 Thumb Ring
45:45 Parthian Tactics
45:10 Capped Ram
48:28 Nomads
51:00 Chemistry
50:07 Siege Engineers
50:20 Onager
Captain_S7
14:19 Feudal Age
16:38 Wheelbarrow
15:50 Double-Bit Axe
15:49 Horse Collar
17:38 Fishing Lines
19:43 Arson
20:15 Man-at-Arms
23:11 Stone Mining
23:14 Gold Mining
29:09 Castle Age
27:48 Fletching
27:59 Padded Archer Armor
28:05 Scale Barding Armor
28:28 Bloodlines
31:52 Husbandry
33:19 Stone Shaft Mining
33:12 Heavy Plow
35:50 Gold Shaft Mining
37:22 Hand Cart
43:09 Imperial Age
41:00 Town Watch
42:43 Chain Barding Armor
43:08 Town Patrol
T1NOCAST
1:16 Loom
17:22 Feudal Age
18:35 Double-Bit Axe
19:46 Wheelbarrow
22:00 Horse Collar
24:32 Castle Age
26:13 Hand Cart
27:57 Caravan
33:11 Imperial Age
32:02 Town Watch
33:25 Elite Hussite Wagon
34:13 Wagenburg Tactics
35:53 Chemistry
35:24 Ballistics
36:24 Bow Saw
38:31 Houfnice
41:58 Siege Engineers
42:27 Masonry
El Toshi4549
1:39 Loom
13:51 Feudal Age
17:30 Wheelbarrow
19:41 Horse Collar
24:55 Castle Age
24:14 Padded Archer Armor
24:05 Fletching
27:56 Chatras
34:55 Imperial Age
33:38 Leather Archer Armor
33:34 Gold Mining
33:38 Stone Mining
34:17 Ballistics
34:31 Squires
33:51 Pikeman
34:32 Arson
34:49 Squires
36:58 Chemistry
36:10 Double-Bit Axe
36:28 Heavy Plow
36:39 Thumb Ring
36:02 Crossbowman
38:16 Ring Archer Armor
37:41 Bodkin Arrow
39:08 Crop Rotation
38:52 Bow Saw
39:41 Paper Money
41:10 Elite Fire Lancer
Connection lost

Rejoining the realm…

Still unreachable

The connection could not be restored.

Session expired

The server has moved on; the page needs a fresh start.